 Dungeon Crawl Stone Soup version 0.30-a0-691-g754fce4c43 (webtiles) character file.

Game seed: 9494083778057191169

1719 drugrobin the Martial Artist (level 8, 0/62 HPs)
             Began as a Demigod Delver on Jan 20, 2023.
             Slain by Menkaure (19 damage)
             ... on level 5 of the Dungeon.
             The game lasted 00:15:08 (5162 turns).

drugrobin the Martial Artist (Demigod Delver)       Turns: 5162, Time: 00:15:09

Health: 0/62       AC: 10    Str: 14 (17) XL:     8   Next: 46%
Magic:  10/10      EV:  9    Int: 11 (12) God:
Gold:   274        SH:  0    Dex: 18 (19) Spells: 6/7 levels left

rFire   . . .      SeeInvis .      - Unarmed
rCold   . . .      Faith    .    (no shield)
rNeg    . . .      Spirit   .    y - +0 plate armour
rPois   .          Reflect  .    (no helmet)
rElec   .          Harm     .    (no cloak)
rCorr   .          Rampage  .    (no gloves)
Will    .....                    (no boots) Stlth
                                 (no amulet)
HPRegen 0.30/turn                t - +5 ring of evasion
MPRegen 0.12/turn                r - ring of flight

@: flying, hasted, very quick
A: high MP 1, forlorn, divine attributes
a: no special abilities


You were on level 5 of the Dungeon.
You visited 1 branch of the dungeon, and saw 5 of its levels.

You collected 274 gold pieces.

Inventory:

Hand Weapons
 b - a +0 sling
 c - a +2 dagger of freezing
 d - a +0 whip of venom
 p - a +2 heavy trident
Missiles
 l - 2 javelins (quivered)
 F - 6 boomerangs
Armour
 y - a +0 plate armour (worn)
Magical Staves
 i - a staff of conjuration
Jewellery
 r - a ring of flight (right hand)
 t - a +5 ring of evasion (left hand)
Wands
 f - a wand of digging (2)
 D - a wand of polymorph (10)
Scrolls
 g - 2 scrolls of noise {unknown}
 h - 2 scrolls of amnesia {unknown}
 j - a scroll of immolation {unknown}
 n - 2 scrolls of fog
 q - 2 scrolls of enchant weapon {unknown}
 s - a scroll of fear
 u - 11 scrolls of identify {unknown}
 v - 2 scrolls of enchant armour {unknown}
 A - a scroll of vulnerability {unknown}
 B - a scroll of silence {unknown}
 C - 2 scrolls of blinking {unknown}
Potions
 a - a potion of attraction {unknown}
 e - 3 potions of haste
 k - a potion of degeneration
 m - a potion of brilliance {unknown}
 o - a potion of flight {unknown}
 w - a potion of cancellation {unknown}
 z - a potion of heal wounds {unknown}
 E - a potion of berserk rage {unknown}


   Skills:
 - Level 2.6 Fighting
 - Level 1.7 Dodging
 - Level 4.5 Stealth
 + Level 10.5 Unarmed Combat


You had 6 spell levels left.
You knew the following spells:

 Your Spells              Type           Power      Damage    Failure   Level
a - Summon Small Mammal   Summ           0%         N/A       100%        1

Your spell library contained the following spells:

 Spells                   Type           Power      Damage    Failure   Level
 Apportation              Tloc           0%         N/A       100%        1
 Necrotise                Necr           0%         1d4       100%        1
 Sandblast                Erth           0%         2d4       100%        1
 Passwall                 Tmut/Erth      0%         N/A       100%        2
 Stone Arrow              Conj/Erth      0%         3d7       100%        3


Dungeon Overview and Level Annotations

Branches:
Dungeon (5/15)
 Temple: D:4-7

Annotations:
D:2 Terence
D:4 exclusion: downstairs
D:5 Menkaure


Innate Abilities, Weirdness & Mutations

You have an increased reservoir of magic. (+10% MP)
You shall have no god before yourself.
Your divine heritage dramatically boosts your attributes as you level up.


Message History

Unknown command.
You completely miss Menkaure.
Menkaure is moderately damaged.
Menkaure hits you.
* * * LOW HITPOINT WARNING * * *
Unknown command.
Unknown command.
Unknown command.
Unknown command.
Okay, then.
Okay, then.
Unknown command.
You feel yourself speed up.
It was a potion of degeneration.
There was something very wrong with that liquid.
You feel weakened.
You feel dopey.
You feel clumsy.
Menkaure gestures wildly while chanting.
Menkaure seems to speed up.
Unknown command.
Unknown command.
It was a potion of curing.
You feel better. Menkaure closely misses you.
Unknown command.
Unknown command.
Unknown command.
You closely miss Menkaure.
Menkaure is moderately damaged.
Unknown command.
Unknown command.
Unknown command.
Unknown command.
Unknown command.
Unknown command.
You punch Menkaure!
Menkaure is severely damaged.
Menkaure hits you!
* * * LOW HITPOINT WARNING * * *
Unknown command.
Unknown command.
You feel better. Menkaure hits you!!
You die...

#..............#...
#..[..>.###....(...
###############..#...######†#####
#.......................†.<.# #
#.#################.######### #
#.# #.# # #.# ####.# ##### #.#
#....#######...### #)#
#@##...........))) #.########
#M##########...### #.)......# #.#
##### ...#####.. ..# ###########
#...####.# #.. .......<..#
..#......# #.# #########.#
#...####.# #.# #.# .#.######. #.#
#.# #......... #.#


You could see Menkaure (fast).

Vanquished Creatures
  Pikel (D:4)
  Sigmund (D:5)
  2 water moccasins (D:5)
  2 ogres
  A lemure (D:4)
  A phantom (D:5)
  A necrophage (D:5)
  3 scorpions
  A jelly (D:5)
  An orc priest (D:5)
  A hound (D:5)
  3 iguanas
  2 orc wizards (D:5)
  3 gnolls (D:2)
  6 adders
  An ufetubus (D:4)
  2 worms (D:3)
  A dart slug (D:3)
  15 orcs
  6 endoplasms
  2 giant cockroaches
  9 goblins
  6 hobgoblins
  2 quokkas
  4 ball pythons
  3 bats
  2 frilled lizards
  9 kobolds
  6 rats (D:1)
97 creatures vanquished.

Vanquished Creatures (collateral kills)
  A gnoll (D:1)
  A ball python (D:2)
  A rat (D:1)
3 creatures vanquished.

Vanquished Creatures (others)
  A goblin (D:3)
1 creature vanquished.

Grand Total: 101 creatures vanquished

Notes
Turn   | Place    | Note
-------+----------+-------------------------------------------
     0 | D:5      | drugrobin the Demigod Delver began the quest for the Orb.
     0 | D:5      | Reached XP level 1. HP: 18/18 MP: 3/3
    15 | D:5      | Noticed an iguana
   157 | D:4      | Noticed an iguana
   172 | D:3      | Reached skill level 2 in Unarmed Combat
   348 | D:2      | Noticed Terence
   619 | D:1      | Reached XP level 2. HP: 25/25 MP: 4/4
   728 | D:1      | Reached skill level 3 in Unarmed Combat
   733 | D:1      | Learned a level 1 spell: Summon Small Mammal
  1182 | D:2      | Reached XP level 3. HP: 30/30 MP: 5/5
  1536 | D:2      | HP: 1/30 [gnoll/+0 spear (7)]
  1660 | D:2      | Reached skill level 4 in Unarmed Combat
  1760 | D:2      | Reached XP level 4. HP: 36/37 MP: 2/6
  2628 | D:3      | Reached skill level 5 in Unarmed Combat
  2628 | D:3      | Reached XP level 5. HP: 32/42 MP: 7/7
  3072 | D:4      | Noticed an ogre
  3081 | D:4      | Killed an ogre
  3227 | D:4      | Reached skill level 6 in Unarmed Combat
  3227 | D:4      | Reached XP level 6. HP: 48/50 MP: 6/8
  3582 | D:5      | Noticed Pikel
  3605 | D:5      | Noticed Sigmund
  4046 | D:4      | Killed Pikel
  4047 | D:4      | Reached skill level 8 in Unarmed Combat
  4047 | D:4      | Reached XP level 7. HP: 23/56 MP: 6/9
  4672 | D:5      | Reached skill level 9 in Unarmed Combat
  4685 | D:5      | Reached XP level 8. HP: 62/62 MP: 10/10
  5052 | D:5      | Reached skill level 10 in Unarmed Combat
  5057 | D:5      | Killed Sigmund
  5149 | D:5      | Noticed Menkaure
  5162 | D:5      | Slain by Menkaure

Illustrated notes

Levels and vault maps discovered:
D:1:      elethiomel_arrival_quiet, layout_rooms, ebering_ecumenical_altar_box,
          minmay_tromino_v7
D:2:      layout_basic, basic_altar, uniq_terence
D:3:      layout_loops_cross, minmay_goblin_kobold_house
D:4:      layout_gridville
D:5:      layout_loops_ring, nicolae_sif_muna_condensation,
          corexii_corridor_pit, hangedman_decor_opposing, nrook_loot_triangle,
          uniq_ijyb, uniq_sigmund, uniq_menkaure, uniq_pikel

Skill      XL: |  1  2  3  4  5  6  7  8 |
---------------+-------------------------+-----
Unarmed Combat | 2 3 4 5 6 8 9 10 | 10.5
Fighting       | |  2.6
Dodging        | |  1.7
Stealth        | |  4.5

Action                   |  1- 3 |  4- 6 |  7- 9 || total
-------------------------+-------+-------+-------++-------
Melee: Unarmed           |    71 |   112 |   122 ||   305
       Dagger            |    74 |    16 |     7 ||    97
       Punch             |     1 |     3 |    16 ||    20
 Fire: Sling             |       |    16 |     5 ||    21
Throw: Javelin           |       |     7 |     1 ||     8
       Boomerang         |       |       |     3 ||     3
 Cast: Summon Small Mamm |    10 |     9 |     6 ||    25
Evoke: Wand              |     1 |       |       ||     1
  Use: Scroll            |     2 |       |       ||     2
       Potion            |       |       |     4 ||     4
 Stab: Sleeping          |     5 |     6 |       ||    11
Armor: Leather armour    |    27 |     9 |     5 ||    41
       Plate armour      |       |    15 |    28 ||    43
Dodge: Dodged            |    71 |    73 |    51 ||   195

Table legend: (Time is in decaauts)
 A = Elapsed time spent in this place.
 B = Non-inter-level travel time spent in this place.
 C = Inter-level travel time spent in this place.
 D = Time resting spent in this place.
 E = Time spent auto-exploring this place.
 F = Levels seen in this place.
 G = Mean time per level.
                   A        B        C        D        E       F      G
               +--------+--------+--------+--------+--------+-----+--------+
         Total |   5135 |   4796 |    339 |   1036 |   2304 |   5 | 1027.0 |
       Dungeon |   5135 |   4796 |    339 |   1036 |   2304 |   5 | 1027.0 |
               +--------+--------+--------+--------+--------+-----+--------+

Top non-repeatable levels by time:
     D:4: 1466 daAuts
     D:5: 1044 daAuts
     D:2: 925 daAuts
     D:3: 914 daAuts
     D:1: 784 daAuts
